 Dungeon Crawl Stone Soup version 0.27-a0-396-g03f4e8edb7 (webtiles) character file.

Game seed: 6528049487753844987

18234 CryoSword the Slicer (level 12, -2/63 HPs)
             Began as a Vine Stalker Warper on Feb 21, 2021.
             Was a Follower of Uskayaw.
             Killed from afar by a death drake (11 damage)
             ... with a foul vapour
             ... in a Gauntlet.
             The game lasted 00:41:05 (12652 turns).

CryoSword the Slicer (Vine Stalker Warper)         Turns: 12652, Time: 00:41:06

Health: -2/63      AC:  8    Str: 15    XL:     12   Next: 56%
Magic:  0/19       EV: 20    Int: 13    God:    Uskayaw [*.....]
Gold:   1621       SH:  0    Dex: 18    Spells: 2/15 levels left

rFire    . . .     SeeInvis +   a - +4 short sword
rCold    + . .     Faith    .   (no shield)
rNeg     . . .     Spirit   +   D - +2 leather armour {rC+}
rPois    .         Reflect  .   u - +0 helmet
rElec    .         Harm     .   x - +0 cloak
rCorr    .         Rampage  .   B - +0 pair of gloves
Will     +....     NoTele   +   (no boots)
Stlth    ++++......             (no amulet)
HPRegen  1.20/turn              k - ring of see invisible
MPRegen  0.16/turn              p - +4 ring of evasion {=R}

@: lethally poisoned (-2 -> -17), slowed, very slow
A: fangs 3, regeneration 1, magic shield, antimagic bite, no potion heal 3
a: Renounce Religion, Stomp


You were in a Gauntlet.
You worshipped Uskayaw.
Uskayaw was aware of your devotion.
You visited 1 branch of the dungeon, and saw 13 of its levels.
You also visited: Sewer, Bailey and Gauntlet.

You collected 1621 gold pieces.

Inventory:

Hand Weapons
 a - a +4 short sword (weapon)
   (You took it off a wight on level 8 of the Dungeon)
 w - a +0 rapier
   (You found it on level 12 of the Dungeon)
Missiles
 c - 41 poisoned darts (quivered)
 e - a boomerang of dispersal {!f}
 g - 108 boomerangs
Armour
 u - a +0 helmet (worn)
   (You took it off Robin on level 3 of the Dungeon)
 x - a +0 cloak (worn)
   (You took it off Crazy Yiuf on level 3 of the Dungeon)
 B - a +0 pair of gloves (worn)
   (You found it on level 13 of the Dungeon)
 D - a +2 leather armour of cold resistance (worn)
   (You found it on level 6 of the Dungeon)
Jewellery
 h - a ring of willpower
   (You found it on level 1 of the Dungeon)
 j - a ring of protection from fire
   (You found it on level 4 of the Dungeon)
 k - a ring of see invisible (left hand)
   (You found it on level 3 of the Dungeon)
 m - a ring of flight
   (You found it on level 2 of the Dungeon)
 n - a +4 ring of protection
   (You found it on level 8 of the Dungeon)
 p - a +4 ring of evasion (right hand) {=R}
   (You found it on level 3 of the Dungeon)
 F - a ring of poison resistance
   (You found it on level 13 of the Dungeon)
 H - a ring of willpower
   (You found it on level 9 of the Dungeon)
Wands
 d - a wand of digging (13)
   (You took it off Robin on level 3 of the Dungeon)
Scrolls
 b - a scroll of amnesia
 f - 4 scrolls of teleportation {@r4}
 o - 3 scrolls of enchant armour
 r - 6 scrolls of identify {@r1}
 t - a scroll of fog {unknown}
 G - a scroll of enchant weapon
Potions
 i - 7 potions of curing {@q1}
 l - 4 potions of flight
 q - 3 potions of brilliance
 s - a potion of invisibility
 v - 5 potions of mutation {!q}
 z - a potion of attraction {!q}
 A - 2 potions of cancellation
 C - 3 potions of berserk rage
 E - 2 potions of magic {unknown}
 I - a potion of experience {unknown}
 J - a potion of haste {unknown}


   Skills:
 + Level 7.2 Fighting
 * Level 10.3 Short Blades
 - Level 3.1 Throwing
 - Level 0.7 Armour
 + Level 6.6 Dodging
 + Level 10.0 Stealth
 - Level 2.1 Spellcasting
 + Level 5.9 Translocations
 * Level 9.1 Invocations


You had 2 spell levels left.
You knew the following spells:

 Your Spells              Type           Power        Failure   Level
a - Blink                 Tloc           N/A          4%          2
b - Apportation           Tloc           32%          2%          1
c - Gell's Gravitas       Tloc           8%           8%          3
d - Lesser Beckoning      Tloc           8%           8%          3
e - Manifold Assault      Tloc           16%          26%         4

Your spell library contained the following spells:

 Spells                   Type           Power        Failure   Level
 Animate Skeleton         Necr           2%           30%         1
 Corona                   Hex            1%           30%         1
 Freeze                   Ice            4%           30%         1
 Magic Dart               Conj           4%           30%         1
 Summon Small Mammal      Summ           4%           30%         1
 Call Imp                 Summ           1%           43%         2
 Ensorcelled Hibernation  Hex/Ice        2%           43%         2
 Slow                     Hex            1%           43%         2
 Teleport Other           Tloc           16%          8%          3
 Confusing Touch          Hex            1%           67%         3
 Conjure Flame            Conj/Fire      1%           67%         3
 Dazzling Flash           Conj/Hex       2%           67%         3
 Frozen Ramparts          Ice            2%           67%         3
 Mephitic Cloud           Conj/Pois/Air  1%           67%         3
 Ozocubu's Armour         Ice            1%           67%         3
 Tukima's Dance           Hex            1%           67%         3
 Hailstorm                Conj/Ice       1%           97%         4
 Petrify                  Tmut/Erth      1%           97%         4
 Summon Ice Beast         Ice/Summ       1%           97%         4
 Alistair's Intoxication  Tmut/Pois      0%           100%        5
 Metabolic Englaciation   Hex/Ice        0%           100%        5
 Yara's Violent Unravell  Hex/Tmut       0%           100%        5
 Invisibility             Hex            1%           100%        6


Dungeon Overview and Level Annotations

Branches:
Dungeon (13/15)            Temple (0/1) D:7            Lair (0/6) D:9
    Orc (0/2) D:10         Vaults (0/5) D:13          Sewer (visited)
 Bailey (visited)         Gauntlet (1/1)

Altars:
Cheibriados
Dithmenos
Elyvilon
Fedhas
Hepliaklqana
Kikubaaqudgha
Nemelex Xobeh
Okawaru
Qazlal
Trog
Uskayaw
Xom
Yredelemnul
The Shining One

Shops:
D:4 =

Annotations:
D:7 1 runed translucent door, MrTvister's ghost, novice MiAK
D:8 exclusion: oklob plant
D:13 Nessos Gauntlet 13 transporters, exclusion: lightning spire


Innate Abilities, Weirdness & Mutations

You have razor-sharp teeth.
Your natural rate of healing is unusually fast.
When hurt, damage is shared between your health and your magic reserves.
Your bite disrupts and absorbs the magic of your enemies.
Potions cannot restore your health.


Message History

Uskayaw will no longer force your foes to share their pain.
Uskayaw will no longer force your foes to helplessly watch your dance.
You can no longer pass through a line of other dancers.
You feel yourself speed up.
You start resting.
You start resting.
You now have 1621 gold pieces (gained 15).
There is a transporter here.
You see here 14 arrows.
The jelly quivers.
The wolf howls! x2; You hear a howl! x2; You hear a shout!
The slime creature jiggles.
There is a transporter here.
You enter the transporter and appear at another place.
Search for what [Enter for "."]? .
Search for what [Enter for "."]? .
There is a transporter here.
You enter the transporter and appear at another place.
The necromancer gestures wildly while chanting.
The necromancer binds the souls of nearby monsters.
The wolf howls!
The wolf howls!
You hit the wolf. Your bite misses the wolf. The wolf closely misses you.
You hit the wolf. The wolf completely misses you.
You puncture the wolf! The wolf barely misses you. The wolf closely misses you.
The wolf bites you.
You hit the wolf.
You kill the wolf!
A freezing mist starts to gather...
A wolf simulacrum comes into view.
The wolf completely misses you. The wolf bites you.
The necromancer casts a spell.
The necromancer binds the souls of nearby monsters.
You hit the wolf but do no damage. The wolf bites you but does no damage.
The wolf completely misses you.
You hit the wolf. Your bite misses the wolf. The wolf barely misses you.
The wolf misses you. The wolf closely misses you.
You can now pass through a line of other dancers.
You hit the wolf. The wolf barely misses you. The wolf closely misses you.
The wolf misses you.
The necromancer mumbles some strange words.
The necromancer binds the souls of nearby monsters.
You barely miss the wolf. Your bite misses the wolf. The wolf misses you.
The wolf barely misses you. The wolf misses you.
You puncture the wolf! Your bite misses the wolf. The wolf closely misses you.
The wolf misses you. The wolf closely misses you.
You puncture the wolf! The wolf bites you! The wolf completely misses you.
The wolf barely misses you.
You hit the wolf.
You kill the wolf!
The wolf completely misses you.
Your Invocations skill increases to level 9!
You hit the wolf. You bite the wolf. You drain its power.
You feel invigorated. The wolf closely misses you. The wolf barely misses you.
Uskayaw will force your foes to helplessly watch your dance.
Uskayaw prepares the audience for your solo!
The helpless wolf fails to defend itself.
You perforate the wolf like a sieve!!!!
You kill the wolf!
The helpless wolf fails to defend itself.
You spit the wolf like a pig!!!!
You kill the wolf!
The helpless wolf fails to defend itself.
You stick the wolf like a pincushion!!!!
You kill the wolf!
Uskayaw will force your foes to share their pain.
Uskayaw links your audience in an emotional bond!
The wolf simulacrum is no longer paralysed.
The necromancer is no longer paralysed.
The necromancer gestures at you while chanting.
The bolt of negative energy misses you.
The bolt of negative energy hits the wolf simulacrum.
The wolf simulacrum completely resists.
The wolf simulacrum misses you.
You closely miss the wolf simulacrum. Your bite misses the wolf simulacrum.
The wolf simulacrum completely misses you.
You puncture the wolf simulacrum! Your bite misses the wolf simulacrum.
The wolf simulacrum bites you but does no damage.
You hit the wolf simulacrum.
The wolf simulacrum vapourises!
The necromancer misses you.
You completely miss the necromancer.
The necromancer gestures at you while chanting.
The bolt of negative energy hits you!
You feel drained.
You hit the necromancer. Your bite misses the necromancer.
You hit the necromancer. Your bite misses the necromancer.
The necromancer closely misses you.
The necromancer is no longer sharing its pain.
The necromancer misses you.
You hit the necromancer but do no damage.
Your bite misses the necromancer.
The necromancer appears confused.
Uskayaw will no longer force your foes to share their pain.
The necromancer barely misses you.
You strike the helpless necromancer from behind!
You impale the necromancer!! You bite the necromancer.
You kill the necromancer!
Uskayaw will force your foes to share their pain.
Your life force feels restored.
Your Stealth skill increases to level 10!
v - 5 potions of mutation {!q} (gained 1) Uskayaw will no longer force your foes to share their pain.
There is a transporter here.
You enter the transporter and appear at another place.
Uskayaw will no longer force your foes to helplessly watch your dance.
You can no longer pass through a line of other dancers.
There is a transporter here.
The death drake hisses angrily.
There is a transporter here.
Here: a death drake (fire blocked by a translucent stone wall)
The floor.
You enter the transporter and appear at another place.
The redback zombie closely misses you. x2
You puncture the redback zombie! Your bite misses the redback zombie.
You hit the redback zombie. You bite the redback zombie. You drain its power.
The redback zombie closely misses you. The death drake breathes miasma at you.
The foul vapour engulfs the wolf spider zombie.
The wolf spider zombie completely resists.
The wolf spider zombie hits you. The wolf spider zombie bites you.
You are engulfed in dark miasma.
You are poisoned.
You feel sick.
You are engulfed in dark miasma.
You are more poisoned.
You feel yourself slow down.
You feel very sick. The death drake breathes miasma at you.
The foul vapour misses you. The redback zombie closely misses you.
The death drake barely misses you.
You are engulfed in dark miasma.
You are more poisoned.
* * * LOW HITPOINT WARNING * * *
x2 You feel extremely sick.
The death drake completely misses you. The redback zombie misses you.
The death drake misses you.
Okay, then.
Okay, then.
Okay, then.
Okay, then.
Your system rejects the healing.
You feel better.
You are engulfed in dark miasma.
You are poisoned.
* * * LOW HITPOINT WARNING * * *
You feel very sick. The death drake breathes miasma at you.
The foul vapour engulfs you!
You are lethally poisoned!
You feel as though you will be slow longer.
You die...

.#..............#8#
.#..............####
.#############....≈###
©...........©#.....#8#
##################.###
....Z#.#.........#.#
....Z#.#.#..○#°#Z#.###
####.#.#...###.kZ#.#8#
#.#.##.#.#.#...#@#.###
©....#.#.#..©###°#.#
.#.#.#.#...###.°°#.###
####.#.#.#.#..°#°#.#8#
.....#.#Z#...#°#.#.###
©[$..#.#kZ)[©:...#.#
######.###########.###
................§§.#8#
..................≈###


You could see a death drake (catching breath), a wolf spider zombie and a
redback zombie.

Vanquished Creatures
  2 two-headed ogres
  A death scarab (Gauntlet)
  2 unseen horrors
  Pikel (D:8)
  2 necromancers
  A manticore (D:12)
  A gargoyle (D:10)
  A centaur skeleton (D:10)
  A meliai zombie (D:11)
  A spectral dream sheep (Gauntlet)
  A shadow (D:10)
  15 yaks
  17 humans (D:13)
  4 vampire mosquitoes (D:12)
  Menkaure (D:4)
  4 sky beasts
  2 water moccasins (D:9)
  5 ice beasts
  8 ogres
  4 orc warriors
  2 necrophages
  4 black bears
  5 centaurs
  5 wolves (Gauntlet)
  4 phantoms
  A kobold brigand (Sewer)
  7 bullfrogs
  4 scorpions
  A water moccasin skeleton (D:6)
  6 howler monkeys
  16 wights
  3 centaur zombies
  A bullfrog zombie (D:7)
  A quasit (D:5)
  Crazy Yiuf (D:3)
  A jelly (D:11)
  6 orc priests
  5 hounds
  2 bullfrog skeletons (D:10)
  Jessica (D:2)
  2 iguanas
  10 orc wizards
  9 worker ants
  2 killer bee zombies
  7 ogre zombies (D:10)
  2 hound skeletons (D:6)
  A worker ant zombie (D:8)
  Robin (D:3)
  16 gnolls
  A howler monkey skeleton (D:7)
  14 adders
  A white imp (D:5)
  3 ufetubi
  An ooze (D:4)
  3 worms
  8 leopard geckos
  45 orcs
  13 bats
  5 giant cockroaches
  11 goblins
  15 hobgoblins
  10 jackals
  3 quokkas
  A ball python (D:1)
  A ball python zombie (D:5)
  8 frilled lizards
  A goblin skeleton (D:10)
  4 goblin zombies (D:10)
  A hobgoblin skeleton (D:10)
  24 kobolds
  5 orc skeletons (D:10)
  12 orc zombies (D:10)
  A quokka skeleton (D:6)
  A quokka zombie (D:6)
  12 rats
404 creatures vanquished.

Vanquished Creatures (others)
  21 demonic plants (Gauntlet)
  31 fungi
  28 plants (D:9)
  3 withered plants (D:5)
83 creatures vanquished.

Grand Total: 487 creatures vanquished

Notes
Turn   | Place    | Note
-------+----------+-------------------------------------------
     0 | D:1      | CryoSword the Vine Stalker Warper began the quest for the
                  | Orb.
     0 | D:1      | Reached XP level 1. HP: 11/11 MP: 4/4
    32 | D:1      | Reached skill level 1 in Throwing
   557 | D:1      | Reached XP level 2. HP: 15/15 MP: 6/6
   621 | D:1      | Reached skill level 1 in Stealth
  1237 | D:1      | Reached XP level 3. HP: 15/18 MP: 7/7
  1781 | D:2      | Noticed Jessica
  1807 | D:2      | Killed Jessica
  1808 | D:2      | Gained mutation: Your natural rate of healing is unusually
                  | fast. [Vine Stalker growth]
  1808 | D:2      | Reached XP level 4. HP: 19/23 MP: 6/8
  1917 | D:2      | Found a white marble altar of Elyvilon.
  1927 | D:2      | Became a worshipper of Elyvilon the Healer
  2334 | D:2      | Found a stormy altar of Qazlal.
  2560 | D:2      | Found an iron altar of Okawaru.
  2677 | D:3      | Found a basalt altar of Yredelemnul.
  2745 | D:3      | Noticed an ogre
  2849 | D:2      | Reached XP level 5. HP: 17/27 MP: 4/9
  2867 | D:3      | Reached * piety under Elyvilon
  3025 | D:3      | Found a glowing drain.
  3057 | Sewer    | Entered a sewer
  3123 | Sewer    | Noticed a kobold brigand
  3218 | Sewer    | Killed a kobold brigand
  3343 | Sewer    | Found a glowing silver altar of Zin.
  3551 | D:3      | Killed an ogre
  3552 | D:3      | Reached XP level 6. HP: 32/32 MP: 10/10
  3636 | D:3      | Noticed Robin
  3656 | D:3      | Killed Robin
  3921 | D:3      | Found a runed translucent door.
  3922 | D:3      | Noticed Crazy Yiuf
  4129 | D:3      | HP: 1/32 [Crazy Yiuf/+3 quarterstaff of chaos (1)]
  4233 | D:3      | Killed Crazy Yiuf
  4366 | D:4      | Found Cuuxzish's Jewellery Boutique.
  4443 | D:4      | Reached ** piety under Elyvilon
  4572 | D:4      | Reached XP level 7. HP: 30/36 MP: 8/11
  4578 | D:4      | Noticed Menkaure
  4815 | D:4      | Killed Menkaure
  5082 | D:5      | Entered Level 5 of the Dungeon
  5200 | D:5      | Reached skill level 5 in Short Blades
  5200 | D:5      | Gained mutation: You have razor-sharp teeth. [Vine Stalker
                  | growth]
  5200 | D:5      | Reached XP level 8. HP: 42/42 MP: 12/12
  5336 | D:5      | Reached skill level 5 in Stealth
  5443 | D:5      | Found an ancient bone altar of Kikubaaqudgha.
  5528 | D:5      | Found a shadowy altar of Dithmenos.
  5926 | D:6      | Reached *** piety under Elyvilon
  6089 | D:6      | Found a hide-covered altar of Uskayaw.
  6093 | D:6      | Fell from the grace of Elyvilon
  6093 | D:6      | Became a worshipper of Uskayaw the Reveller
  6243 | D:6      | Reached * piety under Uskayaw
  6324 | D:6      | Reached ** piety under Uskayaw
  6327 | D:6      | Reached skill level 1 in Invocations
  6588 | D:6      | Found a glowing golden altar of the Shining One.
  6726 | D:6      | Reached XP level 9. HP: 46/46 MP: 13/13
  6968 | D:7      | Reached *** piety under Uskayaw
  6974 | D:7      | Reached **** piety under Uskayaw
  6978 | D:7      | Reached ***** piety under Uskayaw
  7160 | D:7      | Found a staircase to the Ecumenical Temple.
  7310 | D:7      | Found a shimmering altar of Xom.
  7400 | D:7      | Found a hazy altar of Hepliaklqana.
  7530 | D:7      | Found a runed translucent door.
  7530 | D:7      | Noticed MrTvister's ghost (novice MiAK)
  7872 | D:8      | Found a blossoming altar of Fedhas.
  7887 | D:8      | Noticed an oklob plant
  8041 | D:8      | Reached skill level 5 in Fighting
  8230 | D:8      | Found a sparkling altar of Nemelex Xobeh.
  8230 | D:8      | Found a bloodstained altar of Trog.
  8251 | D:8      | Noticed Pikel
  8269 | D:8      | Killed Pikel
  8421 | D:8      | Reached XP level 10. HP: 44/51 MP: 11/14
  8720 | D:8      | Reached skill level 5 in Dodging
  8726 | D:8      | Reached skill level 5 in Invocations
  8749 | D:8      | Learned a level 2 spell: Blink
  8751 | D:8      | Learned a level 1 spell: Apportation
  8755 | D:8      | Learned a level 3 spell: Gell's Gravitas
  8759 | D:8      | Learned a level 3 spell: Lesser Beckoning
  8764 | D:8      | Learned a level 4 spell: Manifold Assault
  8802 | D:9      | Found a staircase to the Lair.
  8925 | D:9      | Reached ****** piety under Uskayaw
  9000 | D:9      | Found a snail-covered altar of Cheibriados.
  9492 | D:9      | Found a glowing golden altar of the Shining One.
  9642 | D:10     | Entered Level 10 of the Dungeon
  9648 | D:10     | Noticed a gargoyle
  9684 | D:10     | Noticed a two-headed ogre
  9736 | D:10     | Killed a two-headed ogre
  9737 | D:10     | Reached XP level 11. HP: 48/56 MP: 13/16
  9777 | D:10     | Found a white marble altar of Elyvilon.
  9861 | D:10     | Found a staircase to the Orcish Mines.
  9989 | D:10     | Noticed an unseen horror
  9994 | D:10     | Killed an unseen horror
 10247 | D:10     | You fall into a shaft and drop 3 floors!
 10337 | D:13     | Noticed Nessos
 10400 | D:13     | Identified a scroll of acquirement
 10400 | D:13     | Acquired 953 gold pieces
 10713 | D:13     | Reached skill level 5 in Translocations
 10737 | D:13     | Noticed a necromancer
 10749 | D:13     | Killed a necromancer
 10765 | D:13     | Reached XP level 12. HP: 53/62 MP: 19/19
 10795 | D:13     | Found a gate to the Vaults.
 10795 | D:13     | Noticed a vault guard
 10795 | D:13     | Noticed a vault guard
 10795 | D:13     | Noticed a vault guard
 10795 | D:13     | Noticed a vault guard
 11266 | D:12     | Found a flagged portal.
 11275 | Bailey   | Entered a bailey
 11692 | D:12     | Noticed a two-headed ogre
 11900 | D:11     | Reached skill level 10 in Short Blades
 11918 | D:11     | Noticed a two-headed ogre
 11922 | D:11     | Killed a two-headed ogre
 11970 | D:11     | Found a gate leading to a gauntlet.
 12060 | Gauntlet | Entered a Gauntlet
 12060 | Gauntlet | Found a transporter.
 12077 | Gauntlet | Found a transporter.
 12092 | Gauntlet | Found a transporter.
 12097 | Gauntlet | Found a transporter.
 12118 | Gauntlet | Found a transporter.
 12131 | Gauntlet | Found a transporter.
 12143 | Gauntlet | Found a transporter.
 12149 | Gauntlet | Found a transporter.
 12156 | Gauntlet | Noticed a death ooze
 12163 | Gauntlet | Noticed a wretched star
 12164 | Gauntlet | Found the +8 storm bow {elec, penet}
 12164 | Gauntlet | Found a transporter.
 12170 | Gauntlet | Found a transporter.
 12184 | Gauntlet | Noticed a ghost crab
 12185 | Gauntlet | Found a transporter.
 12194 | Gauntlet | Found a transporter.
 12216 | Gauntlet | Found a transporter.
 12231 | Gauntlet | Found a transporter.
 12233 | Gauntlet | Found a transporter.
 12260 | Gauntlet | Found a transporter.
 12260 | Gauntlet | Found a transporter.
 12260 | Gauntlet | Noticed a death scarab
 12280 | Gauntlet | Found a transporter.
 12470 | Gauntlet | Killed a death scarab
 12617 | Gauntlet | Reached skill level 10 in Stealth
 12652 | Gauntlet | Killed from afar by a death drake

Illustrated notes

Levels and vault maps discovered:
D:1:      lemuel_arrival_room, layout_loops_cross, minivault_5,
          wander_ebering_terrifying_dragon_lair
D:2:      layout_basic, elyvilon_altar_1, nicolae_qazlal_general_emergency,
          lemuel_doored_altar, columned_hall_lemuel, uniq_jessica
D:3:      layout_rooms, old_standard_altar, cheibrodos_sewer_entry_bend,
          uniq_crazy_yiuf_cottage, uniq_robin
D:4:      layout_rooms, serial_shops, nicolae_shop_waterfront,
          minmay_stone_trees_small, uniq_menkaure
D:5:      layout_rooms, kiku_gazebo_garden_becter,
          nicolae_dithmenos_through_a_glass_darkly
D:6:      layout_layer_cave, kennysheep_mini_moat, basic_altar, minmay_holes,
          minmay_a_box_with_orc_wizards_in_it
D:7:      layout_basic, nicolae_overflow_crystal_walls,
          minmay_temple_entry_glass, hellmonk_ghost_happy_afterlife, tgw_xom
D:8:      layout_rooms, gammafunk_temple_overflow_elements, tgw_fedhas,
          uniq_pikel
D:9:      layout_roguey, general_overflow_altar, lemuel_round_altar,
          due_lair_maze_entry_diamond, minmay_misc_feat_enclosed,
          kennysheep_flooded_box
D:10:     layout_gridville, zombieorc2_lemuel, amcnicky_mini_pool_small,
          fungi_pond_lemuel, lemuel_statue_altar
D:11:     layout_loops_ring, gauntlet_entry_generic, uniq_maurice
D:12:     layout_cave_pods, enter_bailey_2
D:13:     layout_roguey, grunt_vaults_entry_tiered,
          hangedman_abyss_or_decor_lesser_grid, uniq_nessos, uniq_josephine,
          uniq_snorg, uniq_urug
Gauntlet: gammafunk_gauntlet_one_two_three [nicolae_gauntlet_arena_blocks,
          nicolae_gauntlet_arena_flowing_pool, gammafunk_gauntlet_arena_hedges,
          nicolae_gauntlet_arena_grate_2, gammafunk_gauntlet_arena_teeth,
          gammafunk_gauntlet_arena_grid, nicolae_gauntlet_swirl,
          gammafunk_gauntlet_arena_open, gammafunk_gauntlet_arena_spirals,
          gauntlet_exit_spiral]

Skill      XL: |  1  2  3  4  5  6  7  8  9 10 11 12 |
---------------+-------------------------------------+-----
Throwing       | 1 2 3 |  3.1
Short Blades   | 2 3 4 5 6 7 8 9 10 | 10.3
Stealth        | 1 2 3 4 5 7 8 9 10 | 10.0
Fighting       | 2 3 4 5 6 7 |  7.2
Dodging        | 2 3 4 5 6 |  6.6
Invocations    | 1 4 6 8 9 |  9.1
Translocations | 4 5 |  5.9
Armour         | |  0.7
Spellcasting   | |  2.1

Action                   |  1- 3 |  4- 6 |  7- 9 | 10-12 || total
-------------------------+-------+-------+-------+-------++-------
Melee: Short sword       |    73 |   268 |   293 |   770 ||  1404
       Bite              |    23 |    65 |   164 |   270 ||   522
       Dagger            |    38 |    17 |   203 |       ||   258
       Unarmed           |       |    17 |       |       ||    17
       Club              |       |     5 |       |       ||     5
Throw: Boomerang         |       |     4 |       |       ||     4
       Dart              |       |    18 |     1 |       ||    19
Invok: Stomp             |       |       |     2 |    13 ||    15
       Line Pass         |       |       |       |     4 ||     4
  Use: Scroll            |     2 |     5 |     7 |     6 ||    20
       Potion            |       |     7 |       |     2 ||     9
 Stab: Sleeping          |       |     8 |    13 |    16 ||    37
       Paralysed         |       |       |    10 |    39 ||    49
       Distracted        |       |       |     1 |     4 ||     5
       Invisible         |       |       |       |     1 ||     1
       Confused          |       |       |       |     1 ||     1
Armor: Leather armour    |    27 |     2 |    94 |   128 ||   251
       Ring mail         |     7 |    43 |       |       ||    50
       Skin              |       |    35 |       |       ||    35
Dodge: Dodged            |    84 |   178 |   394 |   653 ||  1309

Table legend: (Time is in decaauts)
 A = Elapsed time spent in this place.
 B = Non-inter-level travel time spent in this place.
 C = Inter-level travel time spent in this place.
 D = Time resting spent in this place.
 E = Time spent auto-exploring this place.
 F = Levels seen in this place.
 G = Mean time per level.
                   A        B        C        D        E       F      G
               +--------+--------+--------+--------+--------+-----+--------+
         Total |  12304 |  11299 |   1005 |    876 |   6389 |  16 |  769.0 |
       Dungeon |  11002 |   9997 |   1005 |    743 |   5823 |  13 |  846.3 |
         Sewer |    376 |    376 |      0 |     48 |    153 |   1 |  376.0 |
        Bailey |    340 |    340 |      0 |      0 |    101 |   1 |  340.0 |
      Gauntlet |    584 |    584 |      0 |     85 |    312 |   1 |  584.0 |
               +--------+--------+--------+--------+--------+-----+--------+

Top non-repeatable levels by time:
     D:1: 1739 daAuts
     D:3: 1371 daAuts
     D:6: 1190 daAuts
     D:8: 1070 daAuts
     D:2: 1018 daAuts
     D:9: 907 daAuts
     D:7: 750 daAuts
     D:4: 684 daAuts
    D:13: 649 daAuts
Gauntlet: 584 daAuts
     D:5: 519 daAuts
    D:10: 434 daAuts
    D:12: 385 daAuts
   Sewer: 376 daAuts
  Bailey: 340 daAuts
